 Dungeon Crawl Stone Soup version 0.16-a0-51-g3cd7026 (webtiles) character file.

91 Qrupt the Ruffian (level 4, -1/37 (38) HPs)
             Began as a Ghoul Monk on Aug 6, 2014.
             Slain by an orc
             ... wielding a +0 hand axe
              (3 damage)
             ... on Level 3 of the Dungeon.
             The game lasted 00:03:06 (1658 turns).

Qrupt the Ruffian (Ghoul Monk)                      Turns: 1658, Time: 00:03:06

HP  -1/37 (38)   AC  2     Str 14      XL: 4   Next: 57%
MP   3/3         EV 12     Int  5      God:
Gold 172         SH  0     Dex 12      Spells:  0 memorised,  3 levels left

rFire  . . .     SeeInvis .       - Unarmed
rCold  + . .     Clarity  .     a - +0 robe
rNeg   + + +     rCorr    .     (no shield)
rPois  +         rRot     +     (no helmet)
rElec  .         Spirit   .     (no cloak)
SustAb .         Warding  .     (no gloves)
rMut   .         Stasis   .     (no boots)
Saprov + + +                    (no amulet)
MR     .....                    (no ring)
                                (no ring)

@: rotting, not resistant to hostile enchantments, unstealthy
A: rotting body, claws 1, carnivore 3, cold resistance 1, negative energy
resistance 3, poison resistance, saprovore 3, slow healing 1, torment
resistance, unbreathing
a: no special abilities


You were on level 3 of the Dungeon.
You were hungry.

You visited 1 branch of the dungeon, and saw 3 of its levels.

You collected 172 gold pieces.

Inventory:

Armour
 a - a +0 robe (worn)
 p - a +0 pair of boots
Comestibles
 c - a beef jerky
 l - 2 meat rations
 n - a chunk of orc flesh
 q - 2 chunks of orc flesh
Scrolls
 b - a scroll of remove curse {unknown}
 d - 2 scrolls of teleportation {unknown}
 h - 3 scrolls of identify {unknown}
 j - a scroll of amnesia {unknown}
 m - a scroll of fog {unknown}
 o - 4 scrolls of recharging {unknown}
Potions
 e - a potion of beneficial mutation {unknown}
 f - 2 potions of curing {unknown}
 g - 3 potions of heal wounds {unknown}
 i - a potion of mutation {unknown}
 k - a potion of brilliance {unknown}


   Skills:
 - Level 3.2 Fighting
 - Level 2.6 Dodging
 - Level 2.1 Stealth
 + Level 6.4 Unarmed Combat


You had 3 spell levels left.
You didn't know any spells.

Dungeon Overview and Level Annotations

Branches:
Dungeon (3/15)

Altars:
Vehumet


Innate Abilities, Weirdness & Mutations

Your body is rotting away.
You have sharp fingernails.
You are carnivorous and can eat meat at any time.
Your flesh is cold resistant.
You are immune to negative energy.
Your system is resistant to poisons.
You thrive on rotten meat.
You heal slowly when monsters are visible.
You are immune to unholy pain and torment.
You can survive without breathing.


Message History

You claw the orc!
You kill the orc!
The bat hits you but does no damage. The orc hits you.
* * * LOW HITPOINT WARNING * * *
You are too injured to fight recklessly!
You are too injured to fight recklessly!
The bat hits you but does no damage.
Things that are here:
a tomahawk; a war axe; an orc corpse The bat misses you.
You see here a tomahawk.
The bat barely misses you.
You see here a tomahawk.
You claw the bat!
You kill the bat!
You scratch the orc but do no damage. The orc hits you with a hand axe.
* * * LOW HITPOINT WARNING * * *
You scratch the orc but do no damage. You claw the orc, but do no damage.
The orc hits you with a hand axe.
You die...

#.##.......# #<#.....
#.##.......# #........
##.####....#####........
........................
#######...######)........
..................###.#
########.######.o.....#
### #.# ##o###### ..#
#.#######@#### #.#
#............# #.##
########...#.# ...##
#...# .. ....## #...# ##
.....## ###.# ......# .#
......# .# ..(..># .#


You could see 2 orcs.

Vanquished Creatures
  An adder (D:2)
  2 worms
  A giant gecko (D:1)
  An ooze (D:1)
  7 orcs (D:3)
  9 goblins
  8 hobgoblins
  A quokka (D:2)
  2 ball pythons
  11 bats
  3 giant cockroaches (D:1)
  3 giant newts
  5 kobolds
  5 rats (D:1)
59 creatures vanquished.

Notes
Turn   | Place    | Note
--------------------------------------------------------------
     0 | D:1      | Qrupt, the Ghoul Monk, began the quest for the Orb.
     0 | D:1      | Reached XP level 1. HP: 19/19 MP: 1/1
   151 | D:1      | Reached XP level 2. HP: 24/26 MP: 2/2
   169 | D:1      | Reached skill level 5 in Unarmed Combat
   547 | D:1      | Reached XP level 3. HP: 26/31 MP: 3/3
  1202 | D:2      | Found a radiant altar of Vehumet.
  1217 | D:2      | Reached skill level 6 in Unarmed Combat
  1217 | D:2      | Reached XP level 4. HP: 22/37 MP: 3/3
  1658 | D:3      | Slain by an orc

Action                   |  1- 3 |  4- 6 || total
-------------------------+-------+-------++-------
Melee: Unarmed           |   142 |    47 ||   189
 Stab: Sleeping          |     3 |       ||     3
  Eat: Chunk             |       |     2 ||     2
